 Dungeon Crawl Stone Soup version 0.20.0 (webtiles) character file.

2527 Llamajah the Cleaver (level 9, -3/69 HPs)
             Began as a Formicid Fighter on July 1, 2017.
             Was a Believer of Okawaru.
             Slain by Pikel
             ... wielding a +0 whip of electrocution
              (13 damage)
             ... on level 7 of the Dungeon.
             The game lasted 00:16:45 (4770 turns).

Llamajah the Cleaver (Formicid Fighter)             Turns: 4770, Time: 00:16:46

Health: -3/69      AC: 17    Str: 24    XL:     9   Next: 84%
Magic:  9/9        EV:  7    Int:  8    God:    Okawaru [**....]
Gold:   246        SH: 10    Dex: 10    Spells: 8/8 levels left

rFire    . . .     SeeInvis +   a - +0 war axe
rCold    . . .     Gourm    .   c - +0 shield
rNeg     . . .     Faith    .   r - +0 plate armour
rPois    .         Spirit   .   (helmet unavailable)
rElec    .         Reflect  .   h - scarf {cloud immunity}
rCorr    .         Harm     .   y - +2 pair of gloves
MR       .....                  x - +0 pair of boots
Stlth    ..........             j - amulet of magic regeneration
Regen    0.3/turn               (no ring)
MPRegen  0.2/turn               (no ring)

@: drained
A: permanent stasis, dig shafts and tunnels, four strong arms, antennae 3
a: Dig, Shaft Self, Heroism, Renounce Religion


You were on level 7 of the Dungeon.
You worshipped Okawaru.
Okawaru was pleased with you.
You were not hungry.

You visited 1 branch of the dungeon, and saw 7 of its levels.

You collected 417 gold pieces.
You spent 171 gold pieces at shops.

Inventory:

Hand Weapons
 a - a +0 war axe (weapon)
 G - the +6 arbalest "Killer Klown's Doom" {velocity, *Drain +Inv Str+5}
   (You bought it in a shop on level 6 of the Dungeon)

   Any bolt fired from it inflicts extra damage.
   It affects your strength (+5).
   It lets you turn invisible.
   It causes draining when unequipped.
Armour
 b - a +0 scale mail
 c - a +0 shield (worn)
 h - a scarf of cloud immunity (worn)
 r - a +0 plate armour (worn)
 x - a +0 pair of boots (worn)
 y - a +2 pair of gloves (worn)
Jewellery
 j - an amulet of magic regeneration (around neck)
Wands
 v - a wand of polymorph (20/24)
 A - a wand of digging (17/24)
Scrolls
 i - 2 scrolls of fear {unknown}
 k - a scroll of random uselessness {unknown}
 l - 7 scrolls of identify {unknown}
 m - 2 scrolls of enchant weapon {unknown}
 n - 3 scrolls of remove curse {unknown}
 p - 3 scrolls of teleportation {unknown}
 t - 3 scrolls of fog {unknown}
 u - 2 scrolls of immolation {unknown}
 z - a scroll of noise {unknown}
Potions
 d - 2 potions of ambrosia {unknown}
 e - 2 potions of invisibility {unknown}
 g - 3 potions of flight {unknown}
 o - a potion of berserk rage {unknown}
 B - a potion of curing
 C - 2 potions of lignification {unknown}
 E - a potion of agility
 F - a potion of haste {unknown}
Comestibles
 f - 9 bread rations
 q - 7 meat rations
 s - 3 fruits
 w - 3 royal jellies
 D - 8 chunks of flesh


   Skills:
 + Level 6.2(5.5) Fighting
 * Level 8.0(7.2) Axes
 + Level 6.6(5.8) Armour
 + Level 4.3(3.6) Dodging
 + Level 6.9(6.2) Shields


You had 8 spell levels left.
You didn't know any spells.

Dungeon Overview and Level Annotations

Branches:
Dungeon (7/15)             Temple (0/1) D:5

Altars:
Dithmenos
Gozag
Kikubaaqudgha
Nemelex Xobeh
Okawaru
Uskayaw
Vehumet
Xom

Shops:
D:6 (

Annotations:
D:7 Pikel


Innate Abilities, Weirdness & Mutations

You cannot be hasted, slowed, berserked, paralysed or teleported.
You can dig through walls and to a lower floor.
Your four strong arms can wield two-handed weapons with a shield.
You have a pair of large antennae on your head. (SInv)


Message History

Pikel says, "Slavery isn't that bad."
Pikel barely misses you. x2
You barely miss Pikel. You block Pikel's attack.
You slash Pikel!
Pikel is moderately wounded.
Pikel barely misses you.
You closely miss Pikel.
Pikel is moderately wounded.
Pikel hits you but does no damage.
Your plate armour prevents you from hitting Pikel.
Pikel is moderately wounded.
Pikel hits you but does no damage.
You are electrocuted!
* * * LOW HITPOINT WARNING * * *
You hit Pikel but do no damage.
Pikel is moderately wounded.
Pikel barely misses you.
You hit Pikel.
Pikel is heavily wounded.
Pikel hits you but does no damage.
You are electrocuted!
You die...

#.# #.##.## # ##.##
#.##<)# #.##...#####
.##..#
#..........####.##..#####
##.#...###.#....###.....#
..###....)......###.....#
###
#.###.#......<.....###
#.# #.##..K.##.#######
...
#.##.@...........#####
.##
#.###...#.######...... #
#.# ##.##.# ####### #.#
#.##.# #.# #.##># #.##.#
#.##.### #.##...#
#..#.#.###


You could see Pikel.

Vanquished Creatures
  The ghost of NoxCultor the Cutter, an amateur OpFi (D:4)
  A sky beast (D:7)
  An orc warrior (D:7)
  3 ogres
  A phantom (D:4)
  A centaur (D:5)
  2 bullfrogs (D:6)
  2 scorpions
  5 wights (D:7)
  4 bullfrog zombies
  2 centaur zombies
  2 bullfrog skeletons
  7 hounds
  3 centaur skeletons
  8 orc wizards
  5 iguanas
  5 worker ants
  A hound skeleton (D:6)
  2 howler monkey zombies
  2 worker ant zombies
  A gnoll (D:4)
  5 adders
  2 shadow imps (D:5)
  4 adder zombies
  2 worms
  2 dart slugs (D:1)
  4 leopard geckos
  23 orcs
  6 giant cockroaches
  3 hobgoblins
  12 jackals
  2 quokkas
  2 ball pythons
  5 bats
  4 frilled lizards
  A giant cockroach zombie (D:5)
  9 goblins
  13 kobolds
  A leopard gecko skeleton (D:4)
  A quokka skeleton (D:5)
  A quokka zombie (D:5)
  7 rats
168 creatures vanquished.

Vanquished Creatures (others)
  A human (D:4)
  An orc wizard (D:7)
2 creatures vanquished.

Grand Total: 170 creatures vanquished

Notes
Turn   | Place    | Note
-------+----------+-------------------------------------------
     0 | D:1      | Llamajah the Formicid Fighter began the quest for the Orb.
     0 | D:1      | Reached XP level 1. HP: 18/18 MP: 1/1
    59 | D:1      | Reached XP level 2. HP: 24/24 MP: 2/2
   127 | D:1      | Reached skill level 1 in Dodging
   130 | D:1      | Reached XP level 3. HP: 22/29 MP: 3/3
   765 | D:2      | Reached XP level 4. HP: 16/35 MP: 4/4
   920 | D:2      | Reached skill level 3 in Axes
  1176 | D:3      | Found a radiant altar of Vehumet.
  1200 | D:3      | Reached XP level 5. HP: 35/42 MP: 5/5
  1340 | D:3      | Found an iron altar of Okawaru.
  1347 | D:3      | Found an ancient bone altar of Kikubaaqudgha.
  1347 | D:3      | Found a shimmering altar of Xom.
  1349 | D:3      | Found a glowing silver altar of Zin.
  1349 | D:3      | Found a bloodstained altar of Trog.
  1349 | D:3      | Found an iron altar of Okawaru.
  1752 | D:4      | Reached XP level 6. HP: 30/48 MP: 6/6
  1760 | D:4      | Reached skill level 4 in Axes
  1774 | D:4      | Noticed NoxCultor's ghost (amateur OpFi)
  1783 | D:4      | Killed NoxCultor's ghost
  1783 | D:4      | Reached XP level 7. HP: 23/55 MP: 7/7
  1894 | D:4      | Reached skill level 5 in Shields
  2058 | D:4      | Found an ancient bone altar of Kikubaaqudgha.
  2059 | D:4      | Noticed a human
  2061 | D:4      | Killed a human
  2239 | D:4      | Reached skill level 5 in Axes
  2329 | D:4      | Reached XP level 8. HP: 50/61 MP: 8/8
  2356 | D:4      | Reached skill level 5 in Armour
  2858 | D:4      | Found an iron altar of Okawaru.
  2876 | D:4      | Became a worshipper of Warmaster Okawaru
  2920 | D:5      | Entered Level 5 of the Dungeon
  3007 | D:5      | Reached skill level 5 in Fighting
  3019 | D:5      | Found a staircase to the Ecumenical Temple.
  3075 | D:5      | Reached skill level 6 in Axes
  3214 | D:5      | Found a shadowy altar of Dithmenos.
  3364 | D:6      | Found a sparkling altar of Nemelex Xobeh.
  3510 | D:6      | Reached XP level 9. HP: 68/68 MP: 9/9
  3557 | D:6      | Found a hide-covered altar of Uskayaw.
  3595 | D:6      | Reached * piety under Okawaru
  3661 | D:6      | Found Zamol's Antique Weapon Emporium.
  3681 | D:6      | Bought a bloodstained arbalest for 171 gold pieces
  3681 | D:6      | Identified the +6 arbalest "Killer Klown's Doom" {velocity, *Drain +Inv Str+5} (You bought it in a shop on level 6 of the Dungeon)
  3724 | D:6      | Found an opulent altar of Gozag.
  3861 | D:6      | Reached skill level 7 in Axes
  4636 | D:7      | Reached ** piety under Okawaru
  4759 | D:7      | Noticed Pikel
  4762 | D:7      | Reached skill level 8 in Axes
  4770 | D:7      | Slain by Pikel

Skill      XL: |  1  2  3  4  5  6  7  8  9 |
---------------+----------------------------+-----
Dodging        | 1 2 3 4 |  4.3
Axes           | 3 4 5 6 8 |  8.0
Shields        | 4 5 6 |  6.9
Armour         | 4 5 6 |  6.6
Fighting       | 4 5 6 |  6.2

Action                   |  1- 3 |  4- 6 |  7- 9 || total
-------------------------+-------+-------+-------++-------
Melee: War axe           |   152 |   136 |   448 ||   736
  Use: Potion            |     3 |     1 |       ||     4
  Eat: Chunk             |       |     4 |    10 ||    14
Armor: Scale mail        |    29 |       |       ||    29
       Plate armour      |    98 |    98 |   244 ||   440
Dodge: Dodged            |    34 |    34 |   124 ||   192
Block: Shield            |   111 |    67 |   227 ||   405
